 Dungeon Crawl Stone Soup version 0.30.1-11-g7821555f0a (webtiles) character file.

Game seed: 1591863002144812798

51 caec the Insei (level 3, -12/28 HPs)
             Began as a Draconian Transmuter on Dec 19, 2023.
             Mangled by a sleepcap (13 damage)
             ... on level 3 of the Dungeon.
             The game lasted 00:03:21 (1801 turns).

caec the Insei (Draconian Transmuter)               Turns: 1801, Time: 00:03:21

Health: -12/28     AC:  5    Str: 12    XL:     3   Next: 58%
Magic:  4/6        EV:  2    Int: 13    God:
Gold:   102        SH:  0    Dex: 13    Spells: 3/6 levels left

rFire   . .          .
                       - Unarmed
rCold   . . .        (no shield)
rNeg    . . .        (body armour unavailable)
rPois   .            (helmet restricted)
rElec   .            b - scarf {+Inv}
rCorr   .            (no gloves)
SInv    .            (no boots)
Will    .....        (no amulet)
Stlth   +            (no ring)
HPRegen 0.24/turn    (no ring)
MPRegen 0.10/turn

%: no passive effects
@: sleeping, wereblooded
A: AC +5, unfitting armour, cold-blooded
a: Evoke Invisibility


You were on level 3 of the Dungeon.
You visited 1 branch of the dungeon, and saw 3 of its levels.

You collected 102 gold pieces.

Inventory:

Armour
 b - a scarf of invisibility (worn)
Scrolls
 c - 2 scrolls of poison {unknown}
 d - a scroll of fear {unknown}
 f - a scroll of vulnerability {unknown}
 g - 2 scrolls of immolation
 i - a scroll of enchant armour {unknown}
Potions
 a - a potion of lignification
 e - a potion of heal wounds {unknown}
 h - a potion of curing
 j - a potion of berserk rage {unknown}


   Skills:
 + Level 1.1 Fighting
 + Level 2.0 Dodging
 + Level 3.6 Unarmed Combat
 + Level 2.4 Spellcasting
 * Level 2.8 Transmutations


You had 3 spell levels left.
You knew the following spells:

 Your Spells              Type           Power      Damage    Failure   Level
a - Beastly Appendage     Tmut           16%        N/A       8%          1
b - Wereblood             Tmut           8%         N/A       12%         2

Your spell library contained the following spells:

 Spells                   Type           Power      Damage    Failure   Level
 Summon Small Mammal      Summ           4%         N/A       24%         1
 Spider Form              Tmut/Pois      5%         N/A       38%         3
 Call Canine Familiar     Summ           1%         N/A       58%         3
 Portal Projectile        Hex/Tloc       2%         N/A       58%         3
 Summon Guardian Golem    Hex/Summ       1%         N/A       58%         3
 Ice Form                 Ice/Tmut       5%         N/A       80%         4
 Leda's Liquefaction      Hex/Erth       0%         N/A       94%         4


Dungeon Overview and Level Annotations

Branches:
Dungeon (3/15)

Altars:


Innate Abilities, Weirdness & Mutations

Your plain brown scales are hard. (AC +5)
You cannot fit into any form of body armour.
You are cold-blooded and may be slowed by cold attacks.


Message History

The dart slug launches a dart at you. The slug dart hits you.
A jackal comes into view.
A jackal comes into view.
The jackal barks!
A jackal comes into view.
The dart slug launches a dart at you. The slug dart hits you.
A sleepcap comes into view.
Found a hand axe.
The jackal barks!
The dart slug launches a dart at you. The slug dart hits you.
The jackal attacks as you move away! The jackal closely misses you.
The jackal attacks as you move away! The jackal closely misses you.
The jackal attacks as you move away! The jackal bites you.
The jackal closely misses you. The jackal bites you.
The jackal barely misses you. The jackal bites you.
The jackal attacks as you move away! The jackal bites you.
The jackal attacks as you move away! The jackal bites you.
The jackal attacks as you move away! The jackal completely misses you.
The sleepcap misses you. The jackal closely misses you.
The jackal attacks as you move away! The jackal closely misses you.
The sleepcap attacks as you move away! The sleepcap releases spores at you.
* * * LOW HITPOINT WARNING * * *
Casting: Beastly Appendage (safe; 8% risk of failure)
Confirm with . or Enter, or press ? or * to list all spells.
Okay, then.
Unknown command.
Casting: Beastly Appendage (safe; 8% risk of failure)
Confirm with . or Enter, or press ? or * to list all spells.
Your blood is infused with primal strength.
The sleepcap releases spores at you!
* * * LOW HITPOINT WARNING * * *
You are engulfed in a cloud of soporific spores!
You fall asleep.
The jackal stops to sniff the ground.
The sleepcap releases spores at you!
You die...

#...........~~~.......
#.....................
#.....................
#.....................
#.....................
#...hh................
#####h#########.....#.
#f# .....# #@# .....).
#.##### .......
#.....# .......
#.....# .......
#.....# .......
#.....#
##########.....#
#..............#
#.########.....#


You could see a sleepcap and 3 jackals.

Vanquished Creatures
  A worm (D:2)
  2 dart slugs
  4 ball pythons
  2 bats
  3 endoplasms
  3 giant cockroaches (D:1)
  2 goblins
  8 hobgoblins
  2 jackals (D:1)
  2 kobolds (D:1)
  2 quokkas (D:2)
  7 rats
38 creatures vanquished.

Notes
Turn   | Place    | Note
-------+----------+-------------------------------------------
     0 | D:1      | caec the Draconian Transmuter began the quest for the Orb.
     0 | D:1      | Reached XP level 1. HP: 16/16 MP: 3/3
   333 | D:1      | Reached XP level 2. HP: 23/23 MP: 3/5
   336 | D:1      | Learned a level 2 spell: Wereblood
  1070 | D:2      | Reached XP level 3. HP: 28/28 MP: 3/6
  1800 | D:3      | HP: 1/28 [sleepcap (7)]
  1801 | D:3      | Mangled by a sleepcap

Illustrated notes

Levels and vault maps discovered:
D:1:      dpeg_arrival_concentric_ovals, layout_loops_corners,
          minmay_misc_feat_room
D:2:      layout_basic
D:3:      minmay_roachtagon, layout_basic, kennysheep_slug_shrine

Skill      XL: |  1  2 |
---------------+-------+-----
Dodging        | 2 |  2.0
Fighting       | |  1.1
Unarmed Combat | |  3.6
Spellcasting   | |  2.4
Transmutations | |  2.8

Action                     || total
---------------------------++-------
  Melee: Unarmed           ||    99
         Tailslap          ||    10
         Kick              ||    19
         Headbutt          ||    10
         Punch             ||     3
   Cast: Beastly Appendage ||    20
         Wereblood         ||     7
    Use: Scroll            ||     2
 Armour: Skin              ||    28
  Dodge: Dodged            ||    77
